[Event "Early-Titled-Tuesday-Blitz-April-23-2024"]
[Site "Chess.com"]
[Date "2024.04.23"]
[Round "2"]
[White "wqws"]
[Black "soupeOchoux"]
[Result "1/2-1/2"]
[WhiteElo "2720"]
[BlackElo "2410"]
[TimeControl "180+1"]
[EndTime "8:18:08 PDT"]
[Termination "Game drawn by stalemate"]

1. e4 c5 2. Nf3 g6 3. d4 cxd4 4. Nxd4 Bg7 5. c4 Nc6 6. Be3 Nf6 7. Nc3 O-O 8. Be2 d6 9. Rc1 Nxd4 10. Bxd4 Be6 11.
Qd2 Qa5 12. O-O Rfc8 13. b3 Nxe4 14. Nxe4 Qxd2 15. Nxd2 Bxd4 16. Bf3 Rab8 17. a4 a6 18. Rfe1 Kf8 19. Re4 Bc5 20. Bg4 Bxg4 21. Rxg4 b5 22. axb5 axb5 23. h4 h5 24. Re4 Bb4 25. Nf3 d5 26.
Rd4 e6 27. Ne5 Rb7 28. Nd3 Ba3 29. Ra1 bxc4 30. Rxa3 cxd3 31. Rxd3 Rc1+ 32. Kh2 Rb1 33. Rf3 Kg7 34. g3 e5 35. Ra5 Rd7 36. Rd3 e4 37. Rdxd5 Rxd5 38. Rxd5 Rxb3 39. Re5 f5 40. Re6 Rb2 41.
Kg1 Rc2 42. Ra6 Kf7 43. Kf1 Rc1+ 44. Kg2 Rb1 45. Rc6 Rb2 46. Kg1 Rb3 47. Kg2 Rf3 48.
Ra6 Kg7 49. Rb6 Rd3 50. Rb7+ Kf6 51. Rb6+ Kg7 52. Rb7+ Kh6 53. Rb6 Rd7 54. Ra6 Kg7 55. Rb6 Kf7 56. Ra6 Re7 57. Rb6 Re6 58. Rb7+ Kf6 59.
Rb5 Rc6 60. Ra5 Ke6 61. Rb5 Kd6 62. Ra5 Kc7 63. Rd5 Rd6 64. Rc5+ Kb6 65. Re5 Kc6 66. Ra5 Kd7 67. Rb5 Ke6 68. Ra5 Rb6 69. Kg1 Kf6 70.
Kg2 Kg7 71. Ra7+ Kh6 72. Re7 Rf6 73. Kh2 Rd6 74. Kg2 Rd3 75. Ra7 Rd2 76. Kg1 Re2 77.
Kf1 Rb2 78. Kg1 Rb3 79. Kg2 e3 80. fxe3 Rxe3 81. Kf2 Rc3 82. Kg2 Rc6 83. Rb7 g5 84.
hxg5+ Kxg5 85. Rg7+ Kf6 86. Rh7 Kg6 87. Rh8 Rc2+ 88.
Kf3 Rc3+ 89. Kg2 Rc7 90. Rg8+ Rg7 91. Rb8 Kg5 92. Rb4 Rc7 93. Ra4 Re7 94. Rb4 Re4 95.
Rb8 Re6 96. Rb4 Re4 97. Rb8 Re6 98. Rb4 Rh6 99. Ra4 h4 100. gxh4+ Rxh4 101. Rxh4 Kxh4 102. Kf3 Kg5 103. Kg3 f4+ 104. Kf3 Kf5 105. Kf2 Kg4 106. Kg2 f3+ 107. Kf2 Kf4 108. Kf1 Ke5 109. Kf2 Ke4 110. Kf1 Kf5 111. Kf2 Kg4 112. Kf1 Kg3 113. Kg1 f2+ 114. Kf1 Kf3 1/2-1/2

[Event "Early-Titled-Tuesday-Blitz-April-23-2024"]
[Site "Chess.com"]
[Date "2024.04.23"]
[Round "2"]
[White "Chernov_Alexander_A"]
[Black "Barath1308"]
[Result "0-1"]
[WhiteElo "2257"]
[BlackElo "2520"]
[TimeControl "180+1"]
[EndTime "8:18:08 PDT"]
[Termination "Barath1308 won on time"]

1. e4 c5 2. Nf3 d6 3. c3 Nf6 4. Bb5+ Bd7 5. Bxd7+ Qxd7 6. Qe2 Nc6 7.
O-O e6 8. Rd1 Be7 9. d4 cxd4 10.
cxd4 d5 11. e5 Ne4 12. Be3 O-O 13. Ne1 f6 14. f3 Ng5 15. Nc3 fxe5 16. dxe5 Nf7 17. f4 Nh6 18. Nf3 Nf5 19. Bf2 Qe8 20.
Nb5 Qg6 21. Kh1 a6 22. Nc3 Qg4 23. g3 h5 24. Ng1 Qg6 25. Qf3 Nh6 26. Qg2 h4 27. Nge2 Ng4 28. Bg1 Qh5 29. h3 hxg3 30.
Qxg3 Nh6 31. Bh2 Nf5 32. Qg4 Qxg4 33. hxg4 Ne3 34. Rg1 g5 35. fxg5 Bxg5 36. Rg3 Kg7 37. Rh3 Rh8 38. Rxh8 Rxh8 39. Kg1 Nxg4 40. Bg3 Ngxe5 41. Rf1 Kg6 42. Kg2 Nc4 43. Bf2 Nxb2 44. Bd4 e5 45. Bc5 Nd3 46. Bg1 d4 0-1

[Event "Early-Titled-Tuesday-Blitz-April-23-2024"]
[Site "Chess.com"]
[Date "2024.04.23"]
[Round "2"]
[White "michaelq2d5"]
[Black "SlavenPastar"]
[Result "1-0"]
[WhiteElo "2935"]
[BlackElo "2623"]
[TimeControl "180+1"]
[EndTime "8:18:09 PDT"]
[Termination "michaelq2d5 won by resignation"]

1. d4 b6 2. c4 Bb7 3. Nc3 Nf6 4. d5 e6 5. a3 exd5 6. cxd5 Be7 7. Nf3 O-O 8. e4 Re8 9. Bd3 c6 10. dxc6 dxc6 11. O-O Nbd7 12. e5 Nd5 13. Ne4 Qc7 14. Neg5 Nf8 15. Re1 h6 16. Ne4 Rad8 17.
Qc2 Nd7 18. e6 fxe6 19. Ng3 Nf8 20. Nh5 Bf6 21. Bd2 c5 22. Rad1 Qf7 23. Nxf6+ Qxf6 24. Ne5 Nf4 25. Bf1 Rd5 26. Bc3 Rxd1 27. Qxd1 Qg5 28.
g3 N8g6 29. Qd7 Re7 30. Qd8+ Kh7 31. Nxg6 Nxg6 32. Bd3 Qd5 33. Qxd5 Bxd5 34. f4 h5 35. Re5 Kh6 36. Rg5 Nf8 37. Be5 g6 38. Bd6 Rf7 39. Bxf8+ Rxf8 40. Rxg6+ Kh7 41. Rxe6+ Kg7 42. Re5 Bf7 43. Kf2 Rd8 44. Ke3 Kf6 45. Rf5+ Ke6 46. Re5+ Kf6 47. Be2 Rh8 48. h4 Be6 49. Rxh5 Re8 50.
Re5 Rg8 51. Rxe6+ Kxe6 52. Bc4+ 1-0

[Event "Early-Titled-Tuesday-Blitz-April-23-2024"]
[Site "Chess.com"]
[Date "2024.04.23"]
[Round "2"]
[White "TanitoluwaAps116"]
[Black "Dr_Pepper18"]
[Result "1-0"]
[WhiteElo "2784"]
[BlackElo "2494"]
[TimeControl "180+1"]
[EndTime "8:18:09 PDT"]
[Termination "TanitoluwaAps116 won by resignation"]

1. e4 c5 2. Nf3 d6 3. Bb5+ Bd7 4.
Bxd7+ Nxd7 5. O-O Ngf6 6. Qe2 e6 7.
b3 Be7 8. Bb2 O-O 9. c4 a6 10. d4 cxd4 11. Nxd4 Qa5 12. Nc3 Rfc8 13. Rac1 Ne5 14. Rfd1 Ng6 15. g3 Qg5 16. Ba3 h5 17.
Nf3 Qg4 18. Bxd6 Bxd6 19. Rxd6 b5 20. e5 Nf4 21. Qe3 Nh3+ 22. Kg2 Nh7 23. Rd4 Qf5 24. Nh4 Qg5 25. Kxh3 Qxe3 26. fxe3 g5 27. Ng2 Rc5 28. Re4 Rac8 29. Ne1 bxc4 30. b4 R5c7 31. Rd1 Rb8 32. Nc2 g4+ 33. Kh4 Nf8 34. Kxh5 Ng6 35.
Kxg4 Kg7 36. h4 Ne7 37. Rdd4 Rg8 38. Rxc4 Rb7 39. Kf3 Nf5 40. Rg4+ Kh7 41. Rxg8 Kxg8 42. Nd4 Ne7 43. a3 Ng6 44. Ke4 Rd7 45. Rc5 Ne7 46. g4 Ng6 47. h5 Ne7 48. a4 Kg7 49. b5 axb5 50. axb5 Ra7 51. b6 Ra3 52. b7 1-0

[Event "Early-Titled-Tuesday-Blitz-April-23-2024"]
[Site "Chess.com"]
[Date "2024.04.23"]
[Round "2"]
[White "aljado"]
[Black "kuchma777"]
[Result "0-1"]
[WhiteElo "2142"]
[BlackElo "2482"]
[TimeControl "180+1"]
[EndTime "8:18:09 PDT"]
[Termination "kuchma777 won on time"]

1. e4 c6 2. d4 d5 3. exd5 cxd5 4. c4 Nc6 5. Nc3 Nf6 6. Bg5 e6 7. Nf3 Be7 8. c5 O-O 9. a3 a5 10. Bd3 b6 11. cxb6 Qxb6 12. O-O h6 13. Bh4 Qxb2 14. Nb5 a4 15. Rb1 Qa2 16. Qc1 Na5 17. Bxf6 Bxf6 18.
Nc3 Qb3 19. Rxb3 axb3 20. Qb1 Ba6 21. Bxa6 Rxa6 22. Nb5 Rb8 23. a4 g5 24. h3 Rc6 25.
Rc1 Rxc1+ 26. Qxc1 Nc4 27. Qb1 b2 28. Ne1 Ra8 29. Nd3 Rxa4 30. Nxb2 Rb4 31. Qa1 Rxb2 32. Nd6 Bxd4 33. Qa8+ Kg7 34. Nxc4 dxc4 35. Qe4 e5 36.
Kf1 Rxf2+ 37. Ke1 c3 38. Kd1 c2+ 39. Kc1 f5 40. Qb7+ Kg6 41. Qc6+ Kh5 0-1

[Event "Early-Titled-Tuesday-Blitz-April-23-2024"]
[Site "Chess.com"]
[Date "2024.04.23"]
[Round "2"]
[White "ubdip"]
[Black "Bilan_Danila"]
[Result "0-1"]
[WhiteElo "2335"]
[BlackElo "2561"]
[TimeControl "180+1"]
[EndTime "8:18:10 PDT"]
[Termination "Bilan_Danila won by resignation"]

1. c4 c6 2. Nc3 d5 3. cxd5 cxd5 4. d4 Nf6 5. Nf3 Nc6 6. Bg5 Bf5 7. a3 e6 8. e3 h6 9. Bh4 Be7 10. Bd3 Bxd3 11. Qxd3 O-O 12. O-O Rc8 13. Rac1 Na5 14.
Ne5 Nc4 15. Nxc4 dxc4 16. Qe2 Nd5 17. Bxe7 Qxe7 18. Rfd1 Rfd8 19. Qf3 Nxc3 20. Rxc3 b5 21. Rdc1 a5 22. R3c2 Rd6 23. g3 Rdc6 24. Qe2 R6c7 25. Kg2 Qd6 26. f3 e5 27. Rd1 b4 28. axb4 axb4 29. dxe5 Qxe5 30. Rd4 Qe6 31. Qd2 c3 32. Rd8+ Kh7 33. Qd3+ g6 34. bxc3 b3 35. Rb2 Rxc3 36.
Qd4 Rxd8 37. Qxd8 Rc2+ 38. Rxc2 bxc2 39. Qd2 Qc6 40. Qc1 Qc3 41. Kh3 Qd3 42. Qb2 Qd7+ 43.
Kg2 Qd2+ 44. Kh3 c1=Q 45. Qf6 Qc4 0-1

[Event "Early-Titled-Tuesday-Blitz-April-23-2024"]
[Site "Chess.com"]
[Date "2024.04.23"]
[Round "2"]
[White "Zhigalko_Sergei"]
[Black "Aryan_Tamadon"]
[Result "1-0"]
[WhiteElo "2944"]
[BlackElo "2627"]
[TimeControl "180+1"]
[EndTime "8:18:11 PDT"]
[Termination "Zhigalko_Sergei won by resignation"]

1. e4 d5 2. exd5 Qxd5 3. Nc3 Qd6 4. d4 Nf6 5. Nf3 Nc6 6. Nb5 Qd8 7. Bf4 Nd5 8. Bg3 a6 9. Nc3 Bg4 10. h3 Bh5 11.
Be2 Nxc3 12. bxc3 e6 13. Rb1 Na5 14. Ne5 Bxe2 15. Qxe2 Bd6 16. Nxf7 Kxf7 17. Qh5+ g6 18. Qxa5 Bxg3 19. fxg3 b5 20. O-O+ Kg7 21. Rbe1 Qd6 22. Re5 Rhf8 23. Rfe1 Rf6 24. Kh2 Raf8 25. a4 bxa4 26.
Qxa4 h5 27. Qc4 h4 28. gxh4 Rf2 29. Re2 R8f6 30. Rxf2 Rxf2 31. Qxe6 Rxc2 32. Qxd6 cxd6 33. Ra5 Rxc3 34. Rxa6 d5 35. Rd6 Rd3 36. Rxd5 Kf6 37. h5 Ke6 38. Rg5 Kf6 39. Rxg6+ Kf7 40. Rg4 Rd2 41.
h6 Kf6 42. h7 Kf7 43. h8=Q 1-0

[Event "Early-Titled-Tuesday-Blitz-April-23-2024"]
[Site "Chess.com"]
[Date "2024.04.23"]
[Round "2"]
[White "KVAIDAN"]
[Black "Timerkhanov"]
[Result "1/2-1/2"]
[WhiteElo "2380"]
[BlackElo "2634"]
[TimeControl "180+1"]
[EndTime "8:18:11 PDT"]
[Termination "Game drawn - insufficient material"]

1. f4 d5 2. Nf3 Bg4 3. Ne5 Bf5 4. e3 Nd7 5. c4 Nxe5 6. fxe5 e6 7. Qb3 Rb8 8. Nc3 c6 9. d4 f6 10. Be2 fxe5 11. dxe5 Bc5 12. Na4 Be7 13. cxd5 exd5 14. O-O Nh6 15. Nc3 O-O 16. e4 Bc5+ 17.
Kh1 Be6 18. Bxh6 gxh6 19. exd5 cxd5 20. Rxf8+ Bxf8 21. Rd1 Qg5 22. Nxd5 Qxe5 23. Qf3 Bd6 24. Qh5 Qxh5 25. Bxh5 Kg7 26. b3 Bc5 27. Bf3 Rd8 28. h3 b6 29. g4 Rf8 30. Kg2 Bc8 31. b4 Bd6 32. a4 Bb7 33. Rd3 Rc8 34. Ne3 Bxf3+ 35.
Kxf3 Bxb4 36. Rd7+ Kg6 37. Rxa7 Rc3 38. Ke4 Bc5 39.
Nf5 Rxh3 40. Rg7+ Kf6 41. Rxh7 Ra3 42. Rxh6+ Kg5 43. Rc6 Rxa4+ 44. Kd5 Rxg4 45. Nd6 Rd4+ 46. Ke6 Rd1 47. Ne4+ Kf4 48. Nxc5 bxc5 49. Rxc5 Re1+ 50. Kd6 Rd1+ 51. Rd5 Re1 52. Kd7 Re4 53. Kd6 Re3 54. Kc5 Re4 55. Rd4 Rxd4 56. Kxd4 1/2-1/2

[Event "Early-Titled-Tuesday-Blitz-April-23-2024"]
[Site "Chess.com"]
[Date "2024.04.23"]
[Round "2"]
[White "NoVabbeSeiUnGenio"]
[Black "TenisMaster"]
[Result "0-1"]
[WhiteElo "2638"]
[BlackElo "2977"]
[TimeControl "180+1"]
[EndTime "8:18:12 PDT"]
[Termination "TenisMaster won by resignation"]

1. e4 e5 2. Bc4 Nf6 3. d3 Nc6 4. Nc3 Na5 5. Bb3 Be7 6. f4 Nxb3 7. axb3 d6 8. Nf3 exf4 9. Bxf4 Be6 10. O-O O-O 11.
Qd2 a6 12. Rae1 c5 13. Ng5 Nh5 14. Be3 b5 15. e5 Bc8 16. Nd5 dxe5 17. Nxe7+ Qxe7 18. Ne4 Rd8 19. Bxc5 Qh4 20. Qc3 f6 21. Be7 Re8 22.
Qxe5 Qg4 23. Qc7 Qg6 24. Nd6 Bh3 25. Rf2 Nf4 26. Nxe8 Nxg2 27. Nxf6+ gxf6 28. Rxf6 Qg7 29. Qg3 Nxe1 30. Qxg7+ Kxg7 31. Rf2 Re8 32. Bf6+ Kg6 33. Bc3 Bg4 34. h3 Bh5 35. Kh2 Nf3+ 36. Kg3 Kh6 37.
Rxf3 Bxf3 38. Kxf3 Kg5 39. Bd2+ Kf5 40. c4 Rd8 41.
Ke3 Rg8 42. Be1 Rg2 43. Bc3 Rg3+ 44. Kd4 Rxh3 45. c5 Ke6 46. c6 Kd6 0-1

[Event "Early-Titled-Tuesday-Blitz-April-23-2024"]
[Site "Chess.com"]
[Date "2024.04.23"]
[Round "2"]
[White "FairChess_on_YouTube"]
[Black "Meri-Arabidze"]
[Result "1-0"]
[WhiteElo "3102"]
[BlackElo "2659"]
[TimeControl "180+1"]
[EndTime "8:18:13 PDT"]
[Termination "FairChess_on_YouTube won on time"]

1. Nf3 Nf6 2. c4 e6 3. g3 d5 4. d4 Bb4+ 5. Nbd2 O-O 6. Bg2 b6 7. O-O Bb7 8. Ne5 Nbd7 9. Ndf3 dxc4 10. Bg5 Be7 11. Rc1 Nxe5 12. dxe5 Nd5 13. Bxe7 Nxe7 14. Rxc4 c5 15. Qb1 Qc7 16. Ng5 Nf5 17. Bxb7 Qxb7 18. g4 h6 19. gxf5 hxg5 20. Rg4 Qd5 21. f4 exf5 22.
Qxf5 f6 23. e4 Qd4+ 24. Kg2 Rae8 25. e6 Qd6 26. fxg5 Qxe6 27. g6 Qxf5 28. Rxf5 Re5 29. Rxe5 fxe5 30. Rg5 Rf4 31. Kg3 Rxe4 32. h4 Re2 33. Rf5 Re3+ 34. Kg4 Re2 35. h5 Rxb2 36. Rxe5 Kf8 37. Rf5+ Kg8 38. Rd5 Kf8 39. Rd8+ Ke7 40.
Rg8 Rg2+ 41. Kf3 Rh2 42. Rxg7+ Ke6 43. Rh7 c4 44. g7 Kf7 45. h6 Rh1 46. Rh8 Rg1 47.
Rf8+ Ke7 48. g8=Q 1-0

[Event "Early-Titled-Tuesday-Blitz-April-23-2024"]
[Site "Chess.com"]
[Date "2024.04.23"]
[Round "2"]
[White "Rakhmanov_Aleksandr"]
[Black "Shahdad2007"]
[Result "1-0"]
[WhiteElo "2867"]
[BlackElo "2599"]
[TimeControl "180+1"]
[EndTime "8:18:13 PDT"]
[Termination "Rakhmanov_Aleksandr won on time"]

1. d4 Nf6 2. c4 g6 3. Nc3 d5 4. Nf3 Bg7 5. cxd5 Nxd5 6. Qa4+ c6 7. e4 Nxc3 8. bxc3 O-O 9. Be3 c5 10. Rc1 Nc6 11. d5 Ne5 12. Nxe5 Bxe5 13. Bxc5 Bd7 14. Qb4 Re8 15. Be2 e6 16. dxe6 Rxe6 17. O-O Bc6 18.
Bg4 Qh4 19. h3 Ree8 20. f4 Bc7 21. e5 h5 22. Bf3 a5 23. Qb3 Bxf3 24. Rxf3 b6 25.
Bf2 Qe7 26. Bd4 Rad8 27. f5 Bxe5 28. fxg6 Kh8 29. Rxf7 Bxd4+ 30. cxd4 Qe3+ 31. Qxe3 Rxe3 32. Rcc7 Rg3 33. g7+ Kg8 34. Rb7 Rg6 35. Kh2 h4 36. d5 Kh7 37. a4 1-0

[Event "Early-Titled-Tuesday-Blitz-April-23-2024"]
[Site "Chess.com"]
[Date "2024.04.23"]
[Round "2"]
[White "DamianoLew95"]
[Black "manmanlai1"]
[Result "1-0"]
[WhiteElo "2804"]
[BlackElo "2526"]
[TimeControl "180+1"]
[EndTime "8:18:13 PDT"]
[Termination "DamianoLew95 won by resignation"]

1. e4 c5 2. Nf3 e6 3. d3 d5 4.
Nbd2 Nc6 5. g3 Bd6 6. Bg2 Nge7 7. O-O O-O 8. Re1 Qc7 9. a4 b6 10. Qe2 f6 11. c4 d4 12. Nf1 e5 13. Bd2 a6 14. h3 Rb8 15. b3 Be6 16. N1h2 b5 17. axb5 axb5 18. Nh4 bxc4 19. bxc4 Rb3 20. Reb1 Rfb8 21.
Rxb3 Rxb3 22. Bf1 Qb8 23. Qh5 Rb2 24. Bc1 Bf7 25. Qg4 Rb1 26. Rxb1 Qxb1 27. Bd2 Qb8 28. Nf5 Nxf5 29. exf5 Ne7 30. Qf3 Be8 31. Bg2 Qb1+ 32. Nf1 Bc6 33. Qh5 Bd7 34. Be4 Qb8 35. Qf3 Qc8 36. g4 Bc6 37. Ng3 Bxe4 38. Nxe4 Qc6 39.
h4 Bc7 40. g5 Qd7 41. gxf6 Nxf5 42. Qg4 g6 43. h5 Qe8 44. Ng5 Bd8 45. f7+ 1-0

[Event "Early-Titled-Tuesday-Blitz-April-23-2024"]
[Site "Chess.com"]
[Date "2024.04.23"]
[Round "2"]
[White "Maus7"]
[Black "Acva-Alenok"]
[Result "0-1"]
[WhiteElo "2545"]
[BlackElo "2353"]
[TimeControl "180+1"]
[EndTime "8:18:13 PDT"]
[Termination "Acva-Alenok won on time"]

1. d4 Nf6 2. c4 e6 3. Nf3 b6 4. g3 Bb7 5. Bg2 Be7 6. O-O O-O 7. Re1 Na6 8. h4 c5 9. d5 exd5 10. Nh2 Nc7 11. Nc3 b5 12. Nxd5 Ncxd5 13. cxd5 d6 14. e4 Re8 15. Bf4 Qb6 16. h5 Bf8 17. h6 g6 18. Bg5 Nd7 19. Ng4 Be7 20. Bxe7 Rxe7 21. Qf3 f6 22. Nxf6+ Nxf6 23. Qxf6 Rf7 24. Qg5 Raf8 25. Re2 c4 26. Rf1 b4 27. Bh3 Bc8 28.
Bxc8 Rxc8 29. e5 dxe5 30. Qxe5 c3 31. bxc3 bxc3 32. Rc1 Rcf8 33. Qe6 Qxe6 34. dxe6 Rc7 35. Re3 Rfc8 0-1

[Event "Early-Titled-Tuesday-Blitz-April-23-2024"]
[Site "Chess.com"]
[Date "2024.04.23"]
[Round "2"]
[White "DanylaBagrov"]
[Black "CMButgood"]
[Result "0-1"]
[WhiteElo "2467"]
[BlackElo "2169"]
[TimeControl "180+1"]
[EndTime "8:18:13 PDT"]
[Termination "CMButgood won by resignation"]

1. d4 Nf6 2. Bf4 e6 3. e3 d5 4.
Bd3 c5 5. c3 Nc6 6. Nf3 Qb6 7.
Qb3 c4 8. Qxb6 axb6 9. Bc2 b5 10. Nbd2 b4 11. O-O b5 12. Rfe1 Be7 13. e4 bxc3 14.
bxc3 b4 15. exd5 Nxd5 16. Bg3 Ba6 17. cxb4 Ncxb4 18. Be4 O-O 19. a3 Nd3 20. Reb1 Nc3 21. Bxd3 cxd3 22. Rb3 Ne2+ 23. Kh1 Rac8 24. Ne5 Rc2 25.
Nef3 Rfc8 26. Rd1 Rc1 27. Rb1 Bxa3 28. Ra1 Rxd1+ 29. Rxd1 Rc1 30. Rxc1 Nxg3+ 31. hxg3 Bxc1 32. Kh2 Bb7 33. Ne5 Bxd2 34. Nxd3 Ba5 35. f3 Bd5 36. g4 Bc3 37. Kg3 Bxd4 38. f4 f6 39. Ne1 e5 40.
Nc2 Bc3 41. Ne3 exf4+ 42. Kxf4 Bd2 43. g5 Bxe3+ 44. Kxe3 Bxg2 45. Kd4 fxg5 0-1

[Event "Early-Titled-Tuesday-Blitz-April-23-2024"]
[Site "Chess.com"]
[Date "2024.04.23"]
[Round "2"]
[White "subham777"]
[Black "Escudito"]
[Result "1-0"]
[WhiteElo "2545"]
[BlackElo "2308"]
[TimeControl "180+1"]
[EndTime "8:18:15 PDT"]
[Termination "subham777 won by resignation"]

1. e4 e6 2. Nf3 d5 3. Nc3 d4 4.
Ne2 c5 5. d3 Nc6 6. g3 e5 7.
Bg2 Nf6 8. O-O Be7 9. Ne1 O-O 10. f4 b5 11. f5 c4 12. h3 Nd7 13. g4 Nc5 14. a3 a5 15. Nf3 f6 16. h4 Ba6 17.
Ng3 cxd3 18. cxd3 b4 19. Ne1 Rb8 20. a4 b3 21. Nh5 Nb4 22. g5 Nbxd3 23. Nxd3 Nxd3 24.
Rf3 Nxc1 25. Rxc1 d3 26. Rc6 Bb7 27. Rxd3 Bxc6 28. Rxd8 Rfxd8 29. Qg4 Kf8 30. Bf1 Rb4 31. Bg2 Rdd4 32. Ng3 Rbc4 33. Qh5 Kg8 34. gxf6 Bxf6 35.
Qg4 Rc2 36. Nh5 Kf7 37. Nxf6 gxf6 38. Qh5+ Kg8 39. Qh6 Rc1+ 40. Qxc1 Bxe4 41. Bxe4 Rxe4 42. Qc8+ Kg7 43. Qb7+ 1-0

[Event "Early-Titled-Tuesday-Blitz-April-23-2024"]
[Site "Chess.com"]
[Date "2024.04.23"]
[Round "2"]
[White "Mikhail_Bryakin"]
[Black "ScofieldMichael01"]
[Result "1-0"]
[WhiteElo "2869"]
[BlackElo "2601"]
[TimeControl "180+1"]
[EndTime "8:18:16 PDT"]
[Termination "Mikhail_Bryakin won by resignation"]

1. e4 Nf6 2. e5 Nd5 3. Nf3 d6 4. d4 g6 5. Be2 Bg7 6. O-O O-O 7. exd6 cxd6 8. c4 Nb6 9. b3 Nc6 10. Bb2 Bg4 11. Nbd2 a5 12. h3 Bf5 13. a3 e5 14. d5 Nd4 15. Nxd4 exd4 16. Bg4 Bd3 17. Re1 a4 18. Nf3 Bxc4 19. bxc4 f5 20. Bxd4 fxg4 21.
Bxg7 Kxg7 22. Qd4+ Qf6 23. Qxg4 Rac8 24. Rac1 h5 25. Qd4 Rxc4 26. Qxb6 Rxc1 27. Rxc1 Rf7 28. Qd4 Re7 29. Qxf6+ Kxf6 30. Rc4 b5 31. Rb4 Re2 32. Rxb5 Ra2 33. Rb6 Ke7 34. Nd4 Rxa3 35. Ra6 Ra1+ 36. Kh2 a3 37. Nb5 a2 38. Nc3 Rf1 39. Rxa2 Kf6 40. f3 g5 41. Ne4+ Kf5 42. Nxd6+ Kf4 43. Ra4+ Ke5 44. Nf7+ Kf5 45. d6 Rd1 46. Ra5+ Kf4 47.
Nxg5 h4 48. Ne4 Ke3 49. Ra3+ Kf4 50. Ra2 Ke3 51. Rd2 1-0

[Event "Early-Titled-Tuesday-Blitz-April-23-2024"]
[Site "Chess.com"]
[Date "2024.04.23"]
[Round "2"]
[White "Sadykov_Ramil"]
[Black "WCM-Mexicana"]
[Result "1-0"]
[WhiteElo "2637"]
[BlackElo "2339"]
[TimeControl "180+1"]
[EndTime "8:18:16 PDT"]
[Termination "Sadykov_Ramil won by resignation"]

1. a3 d5 2. Nf3 c5 3. e3 Nc6 4.
c4 dxc4 5. Bxc4 e5 6. Qa4 Bd6 7.
d4 exd4 8. exd4 cxd4 9. Nxd4 Bd7 10. Nb5 Bb8 11. O-O Nge7 12. Qd1 O-O 13. Nd6 Ng6 14. Nc3 a6 15. Nce4 b5 16. Bg5 Qc7 17. Bd5 h6 18.
Qh5 Bf5 19. Bxh6 Bxe4 20. Nxe4 Qe5 21. Qxe5 Ngxe5 22. Bf4 Ra7 23. Rac1 Nd4 24. Rfe1 Nd3 25. Bxb8 Rxb8 26. Rcd1 Nxe1 27. Rxd4 Nc2 28. Rd2 Rc7 29. g4 b4 30. a4 b3 31. Ng5 Rf8 32. Kg2 Nb4 33. Rd4 Nxd5 34. Rxd5 Rc5 35. Rxc5 f6 36.
Ne6 Re8 37. Nd4 Rd8 38. Nxb3 Rb8 39. Rc3 a5 40. Nxa5 Rxb2 41. Ra3 Rb4 42. h3 Rb8 43.
Nc6 Ra8 44. a5 1-0

[Event "Early-Titled-Tuesday-Blitz-April-23-2024"]
[Site "Chess.com"]
[Date "2024.04.23"]
[Round "2"]
[White "gshwbedhkhd"]
[Black "kuli4ik"]
[Result "0-1"]
[WhiteElo "2606"]
[BlackElo "2885"]
[TimeControl "180+1"]
[EndTime "8:18:17 PDT"]
[Termination "kuli4ik won by checkmate"]

1. e4 e6 2. d4 d5 3. Nc3 Bb4 4. Ne2 Nc6 5. e5 f6 6. f4 Nh6 7. a3 Ba5 8. Be3 O-O 9. g3 Bd7 10.
b4 Bb6 11. Qd2 Ng4 12. Bg1 fxe5 13. dxe5 Bxg1 14. Nxg1 Be8 15. Nf3 Bg6 16. h3 Nh6 17.
Ng5 Qe7 18. Bg2 Rad8 19. O-O Nf5 20. Kh2 a6 21. g4 Nfd4 22. Rac1 h6 23. Nf3 Nxc2 24.
Rxc2 Bxc2 25. Qxc2 Rxf4 26. Ne2 Rf7 27. Ned4 Nxd4 28. Nxd4 Rxf1 29. Bxf1 Rf8 30. Bg2 Qg5 31. Nf3 Qe3 32. Kg3 c6 33. a4 Qf4+ 34. Kf2 Qxe5 35. Qc5 Qb2+ 36. Kg3 Qb3 37. a5 e5 38. Kh4 Rxf3 39.
Bxf3 Qxf3 40. Qb6 Qf7 41. Qd8+ Kh7 42. g5 hxg5+ 43. Kg4 Qf4+ 44. Kh5 g6# 0-1

[Event "Early-Titled-Tuesday-Blitz-April-23-2024"]
[Site "Chess.com"]
[Date "2024.04.23"]
[Round "2"]
[White "RojonR"]
[Black "Abund"]
[Result "1/2-1/2"]
[WhiteElo "2567"]
[BlackElo "2810"]
[TimeControl "180+1"]
[EndTime "8:18:17 PDT"]
[Termination "Game drawn by repetition"]

1. e4 c6 2. Nc3 d5 3. Qe2 d4 4.
Nd1 e5 5. g3 Bd6 6. d3 Ne7 7.
f4 c5 8. Nf3 Nbc6 9. Nf2 f6 10.
Bh3 Bxh3 11. Nxh3 Qd7 12. Nf2 O-O-O 13. O-O exf4 14. gxf4 Ng6 15. f5 Nge7 16. Kh1 g6 17. Ng4 gxf5 18. Nxf6 Qe6 19. Bg5 h6 20. Bh4 Ng6 21.
Nd5 Rde8 22. Rae1 fxe4 23. Qxe4 Qxe4 24. dxe4 Rhf8 25. Bg3 Bxg3 26. hxg3 Re6 27. Nd2 Ree8 28. Kg2 Nce5 29. Rxf8 Rxf8 30. Rf1 Rxf1 31. Kxf1 Kd7 32. Ke2 Ke6 33. Nf3 Nc4 34. b3 Nd6 35. Kd3 Ne5+ 36. Nxe5 Kxe5 37. Nf4 Nxe4 38. Ng6+ Kf5 39. Ne7+ Ke5 40.
Ng6+ Kd5 41. Ne7+ Ke5 42. Ng6+ 1/2-1/2

[Event "Early-Titled-Tuesday-Blitz-April-23-2024"]
[Site "Chess.com"]
[Date "2024.04.23"]
[Round "2"]
[White "Vaathi_Coming"]
[Black "Silent-Killer100"]
[Result "0-1"]
[WhiteElo "2844"]
[BlackElo "2613"]
[TimeControl "180+1"]
[EndTime "8:18:18 PDT"]
[Termination "Silent-Killer100 won on time"]

1. c4 e5 2. Nf3 Nc6 3. d4 exd4 4. Nxd4 Nf6 5. g3 Bb4+ 6. Bd2 Bxd2+ 7. Qxd2 O-O 8. Bg2 Re8 9. Nc3 Ne5 10. b3 d6 11. O-O a6 12. Rad1 Qe7 13. h3 h6 14.
f4 Ned7 15. e4 Nc5 16. Rfe1 Qf8 17. Re3 Rb8 18. Rde1 Bd7 19. e5 dxe5 20. fxe5 Nh7 21. Rf1 Ng5 22. h4 Nge6 23. Nf5 g6 24. Nd5 gxf5 25. Rxf5 Bc6 26. Nf6+ Kh8 27. Bxc6 bxc6 28. Rh5 Red8 29. Qc1 Nd7 30. Rf3 Nxf6 31. Rxf6 Qg7 32. Kh2 Kg8 33. Rfxh6 Rd3 34. Qe1 Rbd8 35. Rxe6 Rd2+ 36.
Kh3 fxe6 37. Rg5 Kh7 38. Rxg7+ Kxg7 39. Qe4 Kf7 40. Qg4 Ke7 0-1

[Event "Early-Titled-Tuesday-Blitz-April-23-2024"]
[Site "Chess.com"]
[Date "2024.04.23"]
[Round "2"]
[White "Matibar"]
[Black "maximnovik"]
[Result "1-0"]
[WhiteElo "2846"]
[BlackElo "2576"]
[TimeControl "180+1"]
[EndTime "8:18:18 PDT"]
[Termination "Matibar won on time"]

1. Nf3 Nf6 2. c4 c5 3. Nc3 b6 4. d4 cxd4 5. Nxd4 Bb7 6. Bg5 a6 7. e3 e6 8. Be2 Bxg2 9. Rg1 Bb7 10. Qc2 d6 11. O-O-O Nbd7 12. f4 Be7 13. e4 Qc7 14. Kb1 Rc8 15. f5 e5 16. Nf3 b5 17. Nd2 bxc4 18.
Nxc4 Nb6 19. Bxf6 gxf6 20. Nxb6 Qxb6 21. Rg3 d5 22. Qa4+ Kf8 23. Nxd5 Bxd5 24. exd5 Bd6 25. Qxa6 Qxa6 26. Bxa6 Rb8 27. a4 Ke7 28. Bb5 h5 29.
Rc3 h4 30. h3 Rh5 31. Rf1 Rg5 32. Rb3 Rg3 33. Ka2 Bc5 34. Re1 Kd6 35. Re4 Rh8 36. a5 Rxb3 37. Kxb3 Kxd5 38. Re1 e4 39. Rd1+ Ke5 40.
Kc4 Bf2 41. b4 Rc8+ 42. Kb3 Kxf5 43. Be2 Kf4 44. b5 f5 45. b6 Ke3 46. Ba6 Rb8 47.
Rd7 f4 48. Rxf7 f3 49. Bb7 Kd2 50. Bxe4 1-0

[Event "Early-Titled-Tuesday-Blitz-April-23-2024"]
[Site "Chess.com"]
[Date "2024.04.23"]
[Round "2"]
[White "viktorskliarov"]
[Black "ChEsper99"]
[Result "1-0"]
[WhiteElo "2606"]
[BlackElo "2245"]
[TimeControl "180+1"]
[EndTime "8:18:19 PDT"]
[Termination "viktorskliarov won on time"]

1. e4 c5 2. Nf3 d6 3. d4 cxd4 4. Qxd4 Nc6 5. Bb5 Bd7 6. Bxc6 Bxc6 7. Nc3 Nf6 8. Bg5 e6 9. O-O-O Be7 10. Rhe1 h6 11.
Bh4 Qa5 12. Kb1 Rd8 13. h3 Qc5 14. Qd3 b5 15. Nd4 a6 16. Nxc6 Qxc6 17. Bxf6 Bxf6 18.
Nd5 Be7 19. Qg3 Bf6 20. e5 Bxe5 21. f4 exd5 22. fxe5 O-O 23. e6 fxe6 24. Rxe6 Rfe8 25. Rxh6 Re2 26. Rc1 Rc8 27. Rxd6 Qc7 28. Rg6 Rxc2 29. Rxg7+ Qxg7 30. Qxg7+ Kxg7 31. Rxc2 Re8 32. Rd2 Re5 33. Kc2 Kf6 34. Kd3 Ke6 35. b3 a5 36. g4 Re4 37.
Rg2 Kf6 38. h4 Kg6 39. Rg1 a4 40. bxa4 bxa4 41. a3 Kf6 42. g5+ Kg6 43. h5+ Kxh5 44.
g6 Re8 45. g7 Rg8 46. Kd4 Kh6 47. Kxd5 Kh7 48. Kc6 1-0